 Dungeon Crawl Stone Soup version 0.19.0-11-g3fc08b3 (webtiles) character file.

57 SaltIsReal the Insei (level 4, 0/23 HPs)
             Began as a Vine Stalker Monk on Nov 9, 2016.
             Succumbed to an adder's poison
             ... on level 2 of the Dungeon.
             The game lasted 00:02:35 (1885 turns).

SaltIsReal the Insei (Vine Stalker Monk)            Turns: 1885, Time: 00:02:35

Health: 0/23       AC:  2    Str: 15    XL:     4   Next: 0%
Magic:  2/5        EV: 12    Int: 10    God:
Gold:   81         SH:  4    Dex: 16    Spells: 0 memorised, 3 levels left

rFire  . . .     SeeInvis .       - Unarmed
rCold  . . .     Gourm    .     a - +0 robe
rNeg   . . .     Faith    .     h - +0 buckler
rPois  .         Spirit   +     (no helmet)
rElec  .         Reflect  .     (no cloak)
rCorr  .         Harm     .     (no gloves)
MR     .....                    (no boots)
Stlth  ++........               n - amulet of inaccuracy (curse)
                                (no ring)
                                (no ring)

@: lethally poisoned (0 -> -1)
A: fangs 2, regeneration 1, magic shield, antimagic bite, no device heal 3, rot
immunity
a: no special abilities


You were on level 2 of the Dungeon.
You were not hungry.

You visited 1 branch of the dungeon, and saw 2 of its levels.

You collected 81 gold pieces.

Inventory:

Missiles
 d - a throwing net (quivered)
Armour
 a - a +0 robe (worn)
 h - a +0 buckler (worn)
Jewellery
 n - a cursed amulet of inaccuracy (around neck)
Potions
 e - a potion of might
 g - a potion of cancellation {unknown}
 i - a potion of brilliance {unknown}
 j - a potion of heal wounds {unknown}
 k - a potion of cure mutation {unknown}
 m - a potion of curing {unknown}
Comestibles
 b - a bread ration
 c - 4 fruits


   Skills:
 - Level 2.6 Fighting
 - Level 2.4 Dodging
 - Level 2.4 Stealth
 + Level 1.3 Shields
 * Level 4.3 Unarmed Combat


You had 3 spell levels left.
You didn't know any spells.

Dungeon Overview and Level Annotations

Branches:
Dungeon (2/15)

Altars:


Innate Abilities, Weirdness & Mutations

You have extremely sharp teeth.
Your natural rate of healing is unusually fast.
When hurt, damage is shared between your health and your magic reserves.
Your bite disrupts and absorbs the magic of your enemies.
Potions and wands cannot restore your health.
You are immune to rotting.


Message History

You feel sick. The orc closely misses you.
You closely miss the orc.
The orc is moderately wounded.
The orc hits you with a hand axe.
* * * LOW HITPOINT WARNING * * *
You are too injured to fight recklessly!
You are too injured to fight recklessly!
You are too injured to fight recklessly!
You closely miss the orc. Your bite misses the orc.
The orc is moderately wounded.
The orc hits you with a hand axe.
* * * LOW HITPOINT WARNING * * *
You closely miss the orc.
The orc is moderately wounded.
You punch the orc!
You kill the orc!
You have reached level 4!
You feel stronger.
You begin to heal more quickly.
You die...

##...#### #.#
#...# #.#
###.(.# #.#
#....o#######.#
#.......S.....#
###...#######.#
#...# #.#
#...#######.#
#......)@>..#
#..########.#
#...........#
##.##########
#.# #.# ###


There were no monsters in sight!

Vanquished Creatures
  4 adders (D:2)
  A dart slug (D:1)
  A leopard gecko (D:1)
  An orc (D:2)
  2 giant cockroaches (D:1)
  A goblin (D:1)
  3 bats (D:1)
  2 frilled lizards
  3 kobolds
  3 rats (D:1)
21 creatures vanquished.

Notes
Turn   | Place    | Note
-------+----------+-------------------------------------------
     0 | D:1      | SaltIsReal the Vine Stalker Monk began the quest for the Orb.
     0 | D:1      | Reached XP level 1. HP: 11/11 MP: 2/2
   882 | D:1      | Reached XP level 2. HP: 16/16 MP: 3/3
  1430 | D:2      | Reached skill level 4 in Unarmed Combat
  1430 | D:2      | Reached XP level 3. HP: 19/19 MP: 4/4
  1473 | D:2      | Reached skill level 1 in Shields
  1885 | D:2      | Gained mutation: Your natural rate of healing is unusually fast. [Vine Stalker growth]
  1885 | D:2      | Reached XP level 4. HP: 1/23 MP: 2/5
  1885 | D:2      | Succumbed to an adder's poison

Skill      XL: |  1  2  3 |
---------------+----------+-----
Unarmed Combat | 4 |  4.3
Shields        | 1 |  1.3
Fighting       | |  2.6
Dodging        | |  2.4
Stealth        | |  2.4

Action                   |  1- 3 |  4- 6 || total
-------------------------+-------+-------++-------
Melee: Unarmed           |    79 |       ||    79
       Bite              |    18 |       ||    18
       Punch             |     1 |       ||     1
  Use: Scroll            |     3 |       ||     3
 Stab: Sleeping          |     1 |       ||     1
  Eat: Chunk             |     3 |       ||     3
Armor: Robe              |    15 |       ||    15
Dodge: Dodged            |    48 |       ||    48
Block: Buckler           |     9 |       ||     9
